 Dungeon Crawl Stone Soup version 0.22.1-1-ga44c0e56f4 (webtiles) character file.

111658 thefreepie the Warrior (level 16, -23/160 HPs)
             Began as a Minotaur Fighter on Sept 18, 2018.
             Was a High Priest of Trog.
             Killed from afar by a deep elf mage (47 damage)
             ... with a shard of ice
             ... on level 2 of the Elven Halls on Oct 5, 2018.
             The game lasted 02:04:23 (25966 turns).

thefreepie the Warrior (Minotaur Fighter)          Turns: 25966, Time: 02:04:24

Health: -23/160    AC: 25    Str: 25    XL:     16   Next: 10%
Magic:  0/5        EV: 13    Int:  9    God:    Trog [*****.]
Gold:   2822       SH:  0    Dex: 13    Spells: 15/15 levels left

rFire    . . .     SeeInvis .   X - +6 battleaxe (antimagic)
rCold    . . .     Gourm    .   (shield currently unavailable)
rNeg     + + +     Faith    .   b - +3 plate armour {rPois}
rPois    +         Spirit   +   (helmet restricted)
rElec    .         Reflect  .   m - scarf {Spirit}
rCorr    .         Harm     .   z - +2 pair of gloves of Jomypabi {rN+++ Int+4 Stlth+}
MR       +++..                  P - +1 pair of boots {Fly}
Stlth    ..........             (no amulet)
HPRegen  1.36/turn              M - ring of positive energy
MPRegen  0.09/turn              R - ring of positive energy

@: about to teleport, flying, very slightly contaminated, regenerating, slowed,
very slow
A: retaliatory headbutt, horns 2
a: Berserk, Trog's Hand, Brothers in Arms, Renounce Religion, Stop Flying


You were on level 2 of the Elven Halls.
You worshipped Trog.
Trog was extremely pleased with you.
You were hungry.

You visited 4 branches of the dungeon, and saw 25 of its levels.
You also visited: Bailey, Ice Cave and Volcano.

You collected 4085 gold pieces.
You spent 1263 gold pieces at shops.

Inventory:

Hand Weapons
 s - a +2 broad axe of flaming
 v - a +1 great sword of draining
 W - a +5 hand axe of electrocution
 X - a +6 antimagic battleaxe (weapon)
Missiles
 G - 8 tomahawks
 K - 18 tomahawks of returning (quivered)
Armour
 b - a +3 plate armour of poison resistance (worn)
 m - a scarf of spirit shield (worn)
 u - a +2 pair of boots
 y - a +2 shield
 z - the +2 pair of gloves of Jomypabi (worn) {rN+++ Int+4 Stlth+}
   (You found it on level 6 of the Dungeon)

   It affects your intelligence (+4).
   It renders you almost immune to negative energy.
   It makes you more stealthy.
 P - a +1 pair of boots of flying (worn)
Jewellery
 a - an uncursed ring of wizardry
 c - an uncursed amulet of magic regeneration
 M - a ring of positive energy (left hand)
 R - a ring of positive energy (right hand)
 V - an uncursed ring of ice {unknown}
 Y - an uncursed amulet of guardian spirit
Wands
 o - a wand of clouds (6)
 r - a wand of digging (9)
 E - a wand of polymorph (59)
 J - a wand of paralysis (35)
 L - a wand of acid (14)
 O - a wand of random effects (120)
 S - a wand of flame (23)
 T - a wand of iceblast (50)
Scrolls
 e - 12 scrolls of identify
 i - 4 scrolls of remove curse
 k - a scroll of fear
 l - a scroll of noise {unknown}
 n - 2 scrolls of holy word
 p - 9 scrolls of teleportation
 w - 3 scrolls of blinking
 B - a scroll of vulnerability {unknown}
 C - a scroll of brand weapon {unknown}
 H - 7 scrolls of magic mapping
 N - 2 scrolls of immolation {unknown}
Potions
 d - 3 potions of agility
 h - 2 potions of haste
 j - 4 potions of heal wounds
 t - 5 potions of curing
 x - 5 potions of magic
 A - 5 potions of might
 F - 4 potions of resistance
 I - 2 potions of brilliance
Miscellaneous
 q - a phial of floods
Comestibles
 f - 34 rations


   Skills:
 * Level 19.1 Fighting
 + Level 18.4 Axes
 + Level 14.6 Armour
 + Level 11.9 Dodging
 - Level 8.1 Shields


You had 15 spell levels left.
You didn't know any spells.
Your spell library was empty.

Dungeon Overview and Level Annotations

Branches:
Dungeon (15/15)            Temple (0/1) D:6            Lair (6/6) D:9
  Swamp (0/4) Lair:2       Spider (0/4) Lair:2        Slime (0/5) Lair:6
    Orc (2/2) D:12            Elf (2/3) Orc:2        Vaults (0/5) D:14
 Depths (0/5) D:15

Altars:
Ashenzari
Cheibriados
Elyvilon
Fedhas
Gozag
Kikubaaqudgha
Nemelex Xobeh
Okawaru
Qazlal
Ru
Sif Muna
Trog
Uskayaw
Vehumet
Xom

Shops:
D:7 :   Orc:2 :([[   Elf:1 }

Annotations:
D:13 2 runed doors, Grim's ghost, journeyman MiGl


Innate Abilities, Weirdness & Mutations

You reflexively headbutt those who attack you in melee.
You have a pair of horns on your head.


Message History

Your iron troll claws the deep elf knight.
The deep elf knight blocks your iron troll's attack.
As you read the scroll of teleportation, it crumbles to dust.
You feel strangely unstable.
The deep elf archer unwields an uncursed dagger.
The deep elf archer wields an uncursed shortbow.
The deep elf archer shoots an arrow.
The arrow hits you but does no damage.
Your iron troll closely misses the deep elf knight.
The deep elf knight blocks your iron troll's attack. x2
The deep elf knight hits you but does no damage.
The deep elf knight blocks your attack.
Your iron troll bites the deep elf knight!!!
Your iron troll closely misses the deep elf knight.
Your iron troll claws the deep elf knight!!
The deep elf knight dies!
Trog accepts your kill.
Trog appreciates your killing of a magic user.
The deep elf mage gestures at you while chanting.
The shard of ice hits you!
You die...

#.e........
#ee.....###
#e####.## #.# .# #
#.# # #. #§#
#..######(#
###..e..T.§e##
.......@)e§§.#
.....#####...+ ##.
#...+ ... ##..#
(...
#+########e'#.....
.....#............
.........>...#+###
........)....#
.......)<)...#


You could see 2 deep elf archers, a deep elf mage and a friendly iron troll
(berserk).

Vanquished Creatures
  The ghost of Sergey the Pandemonic, a journeyman DDFi of Makhleb (Lair:5)
  A dire elephant (D:15)
  A deep elf death mage (Elf:1)
  Josephine (D:15)
  The ghost of solomon12318 the Spear-Bearer, a journeyman HOFi of the Shining One (Lair:2)
  Erica (Lair:2)
  A catoblepas (D:13)
  7 hydras
  6 dancing weapons
  A centaur warrior (D:14)
  A death yak (IceCv)
  An alligator (shapeshifter) (Elf:2)
  5 two-headed ogres
  2 tengu warriors (D:14)
  Urug (D:13)
  Nergalle (Lair:4)
  6 deep elf knights
  A skeletal warrior (D:14)
  8 unseen horrors
  2 deep elf archers (Elf:1)
  2 necromancers (Elf:1)
  3 orc knights
  A lindwurm (Volcano)
  A wolf spider zombie (D:15)
  9 deep elf magi
  7 ugly things
  An orc sorcerer (Orc:2)
  A salamander (D:15)
  2 manticores
  3 cyclopes
  9 black mambas
  3 centaur zombies
  3 elephants
  A gargoyle (D:7)
  4 rime drakes
  A molten gargoyle (Volcano)
  12 spiny frogs
  8 komodo dragons
  2 yaktaurs (D:14)
  An efreet (D:13)
  A queen bee (shapeshifter) (D:14)
  18 polar bears
  4 trolls
  4 hornets
  22 blink frogs
  8 slime creatures
  17 hippogriffs
  2 dream sheep (Lair:6)
  3 shadows
  16 spriggans
  2 large abominations (Elf:1)
  A tarantella (Lair:2)
  5 wraiths
  3 wyverns
  Eustachio (D:4)
  5 basilisks
  15 fire bats (Volcano)
  39 yaks
  2 hungry ghosts (D:8)
  3 steam dragons
  10 vampire mosquitoes
  Menkaure (D:4)
  A soldier ant (D:13)
  2 wargs
  3 hell hounds
  9 water moccasins
  6 porcupines
  4 black bears
  7 ogres
  32 orc warriors
  4 sky beasts
  13 ice beasts
  An eye of draining (D:12)
  A necrophage (D:7)
  5 phantoms
  4 boggarts
  32 wolves
  21 centaurs
  13 crocodiles
  5 big kobolds
  2 elf zombies (Elf:1)
  18 bullfrogs
  3 earth elementals
  A wyvern zombie (D:9)
  2 wyvern skeletons (D:14)
  2 scorpions
  13 killer bees
  9 wights
  A jelly (D:10)
  5 howler monkeys
  6 electric eels
  2 lava snakes (Volcano)
  7 crimson imps
  2 gnoll shamans
  13 orc priests
  7 centaur skeletons
  11 hounds
  2 bullfrog skeletons (D:11)
  3 iguanas
  25 orc wizards
  12 hell rats
  7 worker ants
  2 hound skeletons
  10 adders
  12 gnolls
  5 shadow imps
  4 adder skeletons
  An adder zombie (D:9)
  2 dart slugs
  7 leopard geckos
  77 orcs
  8 bats
  8 giant cockroaches
  14 goblins
  7 hobgoblins
  8 jackals
  40 kobolds
  4 quokkas
  2 ball pythons
  7 frilled lizards
  10 rats
  4 fungi
  3 plants
856 creatures vanquished.

Vanquished Creatures (collateral kills)
  A frost giant (IceCv)
  2 fire dragons
  A dancing weapon (Elf:2)
  3 deep elf knights (Elf:2)
  2 orc knights
  3 elephants (Lair:6)
  An ice statue (IceCv)
  A centaur skeleton (D:14)
  6 polar bears
  A dream sheep (Lair:6)
  4 yaks
  A black bear (Lair:6)
  9 orc warriors
  5 wolves
  2 boggarts (Lair:6)
  2 centaurs (Orc:2)
  An orc wizard (D:13)
  An orc (Orc:2)
46 creatures vanquished.

Vanquished Creatures (others)
  4 wolves (IceCv)
  An adder zombie (D:6)
  4 orcs (D:5)
  A quokka (D:6)
  7 fungi
  13 plants
30 creatures vanquished.

Grand Total: 932 creatures vanquished

Notes
Turn   | Place    | Note
-------+----------+-------------------------------------------
     0 | D:1      | thefreepie the Minotaur Fighter began the quest for the
                  | Orb.
     0 | D:1      | Reached XP level 1. HP: 19/19 MP: 0/0
   143 | D:1      | Reached XP level 2. HP: 25/27 MP: 1/1
   323 | D:1      | Reached skill level 4 in Fighting
   351 | D:1      | Reached XP level 3. HP: 33/33 MP: 2/2
  1082 | D:2      | Reached XP level 4. HP: 40/41 MP: 3/3
  1517 | D:2      | Found a white marble altar of Elyvilon.
  1833 | D:3      | Found a bloodstained altar of Trog.
  1850 | D:3      | Became a worshipper of Trog the Wrathful
  1916 | D:3      | Noticed a centaur
  1928 | D:3      | Reached XP level 5. HP: 26/47 MP: 4/4
  1930 | D:3      | Killed a centaur
  1930 | D:3      | Reached skill level 5 in Axes
  2249 | D:3      | Reached skill level 5 in Fighting
  2622 | D:4      | Reached skill level 5 in Shields
  2661 | D:4      | Noticed a phantom
  2684 | D:4      | Killed a phantom
  2684 | D:4      | Reached XP level 6. HP: 56/56 MP: 5/5
  2829 | D:4      | Noticed Menkaure
  2838 | D:4      | Killed Menkaure
  2838 | D:4      | Reached XP level 7. HP: 40/62 MP: 6/6
  2956 | D:4      | Found a snail-covered altar of Cheibriados.
  3008 | D:4      | You fall through a shaft!
  3008 | D:5      | Entered Level 5 of the Dungeon
  3008 | D:5      | Found a radiant altar of Vehumet.
  3027 | D:5      | Reached skill level 6 in Fighting
  3045 | D:4      | Reached * piety under Trog
  3249 | D:4      | Noticed Eustachio
  3270 | D:4      | Killed Eustachio
  3354 | D:4      | Reached skill level 7 in Fighting
  3354 | D:4      | Reached XP level 8. HP: 70/73 MP: 7/7
  3798 | D:5      | Reached ** piety under Trog
  4076 | D:5      | Found a blossoming altar of Fedhas.
  4310 | D:6      | Found an opulent altar of Gozag.
  4315 | D:6      | Found an iron altar of Okawaru.
  4350 | D:6      | Found a staircase to the Ecumenical Temple.
  4373 | D:6      | Upgraded the game from 0.22.1 to 0.22.1-1-ga44c0e56f4
  4402 | D:6      | Reached skill level 10 in Axes
  4650 | D:6      | Got a pair of faintly glowing gloves
  4652 | D:6      | Identified the +2 pair of gloves of Jomypabi {rN+++ Int+4
                  | Stlth+} (You found it on level 6 of the Dungeon)
  4731 | D:6      | Found an ancient bone altar of Kikubaaqudgha.
  4731 | D:6      | Found a hide-covered altar of Uskayaw.
  4732 | D:6      | Found a sparkling altar of Nemelex Xobeh.
  4798 | D:6      | Found a stormy altar of Qazlal.
  4897 | D:6      | Reached skill level 5 in Armour
  4987 | D:6      | Reached skill level 8 in Fighting
  5491 | D:7      | Found Keyg Voh's Book Emporium.
  5502 | D:7      | Noticed a gargoyle
  5506 | D:7      | Killed a gargoyle
  5506 | D:7      | Reached XP level 9. HP: 60/82 MP: 8/8
  6005 | D:8      | Noticed a two-headed ogre
  6023 | D:8      | Killed a two-headed ogre
  6023 | D:8      | Reached skill level 9 in Fighting
  6346 | D:8      | Reached *** piety under Trog
  6734 | D:8      | Reached XP level 10. HP: 91/91 MP: 9/9
  7153 | D:9      | Found a flagged portal.
  7196 | Bailey   | Entered a bailey
  7424 | D:9      | Found a sacrificial altar of Ru.
  7575 | D:9      | Reached **** piety under Trog
  7752 | D:9      | Noticed a two-headed ogre
  7767 | D:9      | Killed a two-headed ogre
  7767 | D:9      | Reached skill level 10 in Fighting
  7767 | D:9      | Reached skill level 1 in Dodging
  7816 | D:9      | Noticed an elephant
  7833 | D:9      | Killed an elephant
  7891 | D:9      | Found a shimmering altar of Xom.
  8004 | D:9      | Found a staircase to the Lair.
  8033 | D:9      | Found a shattered altar of Ashenzari.
  8343 | D:10     | Entered Level 10 of the Dungeon
  8425 | D:10     | Reached XP level 11. HP: 98/101 MP: 10/10
  8942 | D:10     | Killed an unseen horror
  9121 | D:10     | Found a deep blue altar of Sif Muna.
  9731 | D:11     | Noticed a purple ugly thing
  9745 | D:11     | Killed a purple ugly thing
  9745 | D:11     | Reached skill level 11 in Fighting
 10276 | D:11     | Reached ***** piety under Trog
 10442 | D:12     | Found a labyrinth entrance.
 10472 | D:12     | Noticed a purple ugly thing
 10481 | D:12     | Killed a purple ugly thing
 10481 | D:12     | Reached skill level 15 in Axes
 10546 | D:12     | Found a staircase to the Orcish Mines.
 10560 | D:12     | Received a gift from Trog
 10974 | D:12     | Noticed a red ugly thing
 10984 | D:12     | Killed a red ugly thing
 10984 | D:12     | Reached skill level 12 in Fighting
 11085 | D:12     | Noticed a four-headed hydra
 11094 | D:12     | Killed a five-headed hydra
 11094 | D:12     | Reached XP level 12. HP: 102/112 MP: 11/11
 11162 | D:12     | Reached skill level 5 in Dodging
 11201 | D:13     | Noticed a two-headed ogre
 11213 | D:13     | Killed a two-headed ogre
 11581 | D:13     | Reached skill level 10 in Armour
 11650 | D:13     | Noticed Urug
 11663 | D:13     | Killed Urug
 11703 | D:13     | Reached skill level 13 in Fighting
 11761 | D:13     | Noticed a catoblepas
 11781 | D:13     | Killed a catoblepas
 11876 | D:13     | Noticed a two-headed ogre
 11888 | D:13     | Killed a two-headed ogre
 12081 | D:13     | Noticed a lich
 12081 | D:13     | Noticed Grim's ghost (journeyman MiGl)
 12082 | D:13     | Noticed a fire giant
 12358 | D:13     | Noticed a six-headed hydra
 12369 | D:13     | Killed an eight-headed hydra
 12394 | D:13     | Found a runed door.
 12397 | D:13     | Found a runed door.
 12420 | D:13     | Noticed a tengu reaver
 12672 | D:14     | Noticed an eight-headed hydra
 12683 | D:14     | Killed an 11-headed hydra
 12683 | D:14     | Reached skill level 14 in Fighting
 12683 | D:14     | Reached XP level 13. HP: 124/124 MP: 7/12
 12750 | D:14     | Received a gift from Trog
 13213 | D:14     | Found a gate to the Vaults.
 13623 | D:14     | Reached skill level 15 in Fighting
 13740 | D:15     | Entered Level 15 of the Dungeon
 13955 | D:15     | Noticed Josephine
 13970 | D:15     | Killed Josephine
 14063 | D:15     | Noticed a dire elephant
 14081 | D:15     | Killed a dire elephant
 14865 | D:15     | Found a shattered altar of Ashenzari.
 15191 | D:15     | Found a staircase to the Depths.
 15511 | Lair:1   | Entered Level 1 of the Lair of Beasts
 15861 | Lair:1   | Reached XP level 14. HP: 136/136 MP: 13/13
 16225 | Lair:2   | Found a hole to the Spider Nest.
 16307 | Lair:2   | Reached skill level 16 in Fighting
 16329 | Lair:2   | Noticed Erica
 16348 | Lair:2   | Killed Erica
 16368 | Lair:2   | Found a staircase to the Swamp.
 16499 | Lair:2   | Found a runed door.
 16854 | Lair:2   | Noticed solomon12318's ghost (journeyman HOFi)
 16905 | Lair:2   | Killed solomon12318's ghost
 18093 | Lair:4   | Noticed Nergalle
 18103 | Lair:4   | Killed Nergalle
 18811 | Lair:5   | Received a gift from Trog
 18830 | Lair:5   | Found a runed door.
 18830 | Lair:5   | Noticed Sergey's ghost (journeyman DDFi)
 18851 | Lair:5   | Killed Sergey's ghost
 18851 | Lair:5   | Reached skill level 10 in Dodging
 18910 | Lair:5   | Reached skill level 17 in Fighting
 18948 | Lair:5   | Found the +3 giant club "Skullcrusher" {speed, Str+7}
 20065 | Lair:6   | Entered Level 6 of the Lair of Beasts
 20485 | Lair:6   | Found a staircase to the Slime Pits.
 20509 | Lair:6   | Reached XP level 15. HP: 138/147 MP: 12/14
 20642 | Lair:6   | Found a frozen archway.
 20704 | IceCv    | Entered an ice cave
 20845 | IceCv    | Received a gift from Trog
 21338 | IceCv    | Reached skill level 18 in Fighting
 21413 | IceCv    | Noticed a frost giant
 21424 | IceCv    | Killed a frost giant
 22391 | Orc:1    | Entered Level 1 of the Orcish Mines
 22500 | Orc:1    | Found a dark tunnel.
 22507 | Volcano  | Entered a volcano
 22622 | Volcano  | Found a radiant altar of Vehumet.
 22910 | Volcano  | Received a gift from Trog
 23450 | Orc:2    | Entered Level 2 of the Orcish Mines
 23693 | Orc:2    | Found Ajulaen's Antique Armour Shoppe.
 23693 | Orc:2    | Found Singing's Armour Shop.
 23920 | Orc:2    | Found Amurphon's Antique Armour Emporium.
 23927 | Orc:2    | Found Zosoopt's Antique Weapon Boutique.
 23936 | Orc:2    | Bought a glowing broad axe for 273 gold pieces
 23949 | Orc:2    | Bought a pair of embroidered boots for 270 gold pieces
 24016 | Orc:2    | Found Ryenorobu's Book Shoppe.
 24213 | Orc:2    | Found a staircase to the Elven Halls.
 24248 | Elf:1    | Entered Level 1 of the Elven Halls
 24600 | Elf:1    | Found a radiant altar of Vehumet.
 25178 | Elf:1    | Found Tuiqu's Gadget Shoppe.
 25185 | Elf:1    | Bought a phial of floods for 720 gold pieces
 25657 | Elf:1    | Received a gift from Trog
 25657 | Elf:1    | Reached skill level 19 in Fighting
 25777 | Elf:2    | Reached XP level 16. HP: 160/160 MP: 5/15
 25966 | Elf:2    | Killed from afar by a deep elf mage

Skill      XL: |  1  2  3  4  5  6  7  8  9 10 11 12 13 14 15 |
---------------+----------------------------------------------+-----
Axes           | 3 4 6 7 9 10 12 13 15 16 17 18 | 18.4
Fighting       | 4 5 7 8 9 10 12 14 15 17 19 | 19.1
Shields        | 4 5 7 8 |  8.1
Armour         | 5 7 8 9 11 12 13 14 | 14.6
Dodging        | 2 4 7 9 10 11 | 11.9

Action                   |  1- 3 |  4- 6 |  7- 9 | 10-12 | 13-15 | 16-18 || total
-------------------------+-------+-------+-------+-------+-------+-------++-------
Melee: War axe           |    65 |    81 |   300 |   391 |       |       ||   837
       Headbutt          |     6 |    10 |    47 |   151 |   313 |     4 ||   531
       Hand axe          |       |       |       |   260 |  1211 |       ||  1471
       Broad axe         |       |       |       |       |   172 |       ||   172
       Battleaxe         |       |       |       |       |     8 |    28 ||    36
 Fire: Hunting sling     |    12 |    60 |    43 |       |       |       ||   115
Throw: Stone             |       |       |    29 |       |       |       ||    29
       Tomahawk          |       |       |     3 |    48 |    72 |       ||   123
Invok: Berserk           |       |       |     2 |     8 |    17 |       ||    27
       Trog's Hand       |       |       |     1 |     4 |     2 |     1 ||     8
       Brothers in Arms  |       |       |       |     1 |     9 |     1 ||    11
Evoke: Wand              |       |       |     1 |     3 |       |       ||     4
  Use: Scroll            |       |     2 |     4 |    17 |     7 |     3 ||    33
       Potion            |       |       |     3 |       |     2 |     1 ||     6
 Stab: Distracted        |       |       |       |       |     1 |       ||     1
  Eat: Chunk             |     1 |     5 |    11 |    24 |    47 |     1 ||    89
       Ration            |       |       |     2 |     1 |     5 |       ||     8
Armor: Scale mail        |    30 |    31 |    99 |    35 |       |       ||   195
       Plate armour      |       |       |       |   255 |   580 |    23 ||   858
Dodge: Dodged            |    29 |    38 |   105 |   208 |   489 |    10 ||   879
Block: Shield            |    53 |    59 |   145 |   320 |   894 |       ||  1471
